 Dungeon Crawl Stone Soup version 0.27.0-1-g7a089689b8 (webtiles) character file.

Game seed: 2175318892864073016

51 Spaninq the Ducker (level 3, 0/18 HPs)
             Began as a Felid Abyssal Knight on Aug 9, 2021.
             Was a Follower of Lugonu.
             Slain by a river rat (4 damage)
             ... in a sewer.
             The game lasted 00:05:08 (3337 turns).

Spaninq the Ducker (Felid Abyssal Knight)           Turns: 3337, Time: 00:05:08

Health: 0/18       AC:  1    Str:  9    XL:     3   Next: 58%
Magic:  5/5        EV: 18    Int: 13    God:    Lugonu [*.....]
Gold:   69         SH:  0    Dex: 15    Spells: 2/2 levels left
                                        Lives:  0   Deaths: 1

rFire    . . .     SeeInvis +     - Unarmed
rCold    . . .     Faith    .   (shield unavailable)
rNeg     . . .     Spirit   .   (armour unavailable)
rPois    .         Reflect  .   (helmet unavailable)
rElec    .         Harm     .   (cloak unavailable)
rCorr    .         Rampage  .   (gloves unavailable)
Will     .....                  (boots unavailable)
Stlth    +.........             (no amulet)
HPRegen  0.06/turn              (no ring)
MPRegen  0.09/turn              (no ring)

@: quick
A: very small, claws 1, fangs 3, see invisible, speed 1, shaggy fur 1, stealthy
paws, no weapons or thrown items, no armour, multi-lived
a: Renounce Religion, Depart the Abyss


You were in a sewer.
You worshipped Lugonu.
Lugonu was aware of your devotion.
You visited 1 branch of the dungeon, and saw 3 of its levels.
You visited the Abyss 1 time.
You also visited: Sewer.

You collected 69 gold pieces.

Inventory:

Scrolls
 d - 2 scrolls of teleportation
Potions
 b - a potion of resistance {unknown}
 c - a potion of attraction {unknown}
 e - a potion of degeneration {unknown}


   Skills:
 + Level 3.6 Fighting
 + Level 4.2 Dodging
 * Level 3.6 Unarmed Combat
 - Level 1.7 Invocations


You had 2 spell levels left.
You didn't know any spells.
Your spell library contained the following spells:

 Spells                   Type           Power      Damage    Failure   Level
 Blink                    Tloc           N/A        N/A       43%         2
 Lesser Beckoning         Tloc           0%         N/A       67%         3
 Manifold Assault         Tloc           0%         N/A       100%        5


Dungeon Overview and Level Annotations

Branches:
Dungeon (3/15)              Sewer (1/1)

Altars:

Shops:
D:1 *


Innate Abilities, Weirdness & Mutations

You have sharp claws.
You have razor-sharp teeth.
You have supernaturally acute eyesight. (SInv)
You cover ground quickly. (Speed+)
You are covered in fur. (AC +1)
Your paws help you pounce on unaware monsters.
You are incapable of wielding weapons or throwing items.
You cannot wear armour.
You gain extra lives every three experience levels.


Message History

You scratch the rat.
You kill the rat!
Lugonu accepts your kill.
The river rat twitches its whiskers.
The river rat misses you.
You see here a rat corpse.
You scratch the river rat but do no damage.
The river rat closely misses you.
You closely miss the river rat. The river rat bites you.
You barely miss the river rat. The river rat barely misses you.
You closely miss the river rat. You barely miss the river rat.
The river rat completely misses you.
You closely miss the river rat. The river rat barely misses you.
You scratch the river rat.
The river rat is lightly wounded.
The river rat misses you.
You scratch the river rat.
The river rat is moderately wounded.
The river rat closely misses you.
You closely miss the river rat.
The river rat is moderately wounded.
The river rat closely misses you.
You barely miss the river rat.
The river rat is moderately wounded.
The river rat bites you!
Ouch! That really hurt!
* * * LOW HITPOINT WARNING * * *
A ball python comes into view.
The river rat closely misses you.
The ball python hisses angrily.
You see here a rat corpse.
The river rat completely misses you.
The river rat bites you but does no damage.
The river rat twitches its whiskers.
You closely miss the ball python. The ball python closely misses you.
The ball python misses you.
You scratch the ball python but do no damage.
The ball python misses you. The ball python barely misses you.
The river rat bites you.
You die...

##### ##### ##..∩# #####
#∩..#####..######...## #### .#
###...##..#####...††.###..###
...# ##.......##......†........#
.....##.........................#
.................†..............+
................................#
................@S......≈≈≈≈≈≈≈≈#
≈≈≈≈≈≈≈≈≈≈.......r...≈≈≈≈≈≈≈≈≈≈≈#
≈≈≈≈≈≈≈≈≈≈≈.......≈≈≈≈≈≈≈≈≈≈≈≈≈≈#
≈≈≈≈≈≈≈≈≈≈≈≈≈≈≈≈≈≈≈≈≈≈≈≈≈≈≈≈≈≈≈≈≈
≈≈≈≈≈≈≈≈≈≈≈≈≈≈≈≈≈≈≈≈≈≈≈≈≈≈≈≈≈≈≈≈#
≈≈≈≈≈≈≈≈≈...........≈≈≈≈≈≈≈≈≈≈≈≈
≈##.....................≈≈≈≈≈≈
...............##......##≈≈


You could see a river rat and a ball python.

Vanquished Creatures
  4 adders (D:2)
  A river rat (Sewer)
  A worm (D:3)
  3 dart slugs
  4 ball pythons
  3 endoplasms
  A giant cockroach (D:1)
  3 hobgoblins (D:1)
  4 jackals (D:2)
  A kobold (D:2)
  A quokka (D:1)
  5 bats
  5 frilled lizards
  4 goblins
  8 rats
48 creatures vanquished.

Notes
Turn   | Place    | Note
-------+----------+-------------------------------------------
     0 | Abyss:1  | Spaninq the Felid Abyssal Knight began the quest for the
                  | Orb.
     0 | Abyss:1  | Reached XP level 1. HP: 10/10 MP: 3/3
    70 | Abyss:1  | Noticed a vampire
    83 | Abyss:1  | Noticed a worldbinder
   124 | Abyss:1  | Noticed a rakshasa
   124 | Abyss:1  | Noticed a large abomination
   130 | D:1      | Escaped the Abyss
   491 | D:1      | Reached XP level 2. HP: 14/14 MP: 4/4
   499 | D:1      | Reached * piety under Lugonu
   836 | D:1      | Found Lucsuw's General Store.
   929 | D:1      | Found a faded altar of an unknown god.
  1156 | D:2      | Reached XP level 3. HP: 17/17 MP: 5/5
  1969 | D:2      | Reached skill level 4 in Dodging
  2279 | D:2      | Reached XP level 4. HP: 12/21 MP: 6/6
  2564 | D:2      | HP: 1/21 [poisoned by an adder]
  3186 | D:3      | Found a glowing drain.
  3205 | Sewer    | Entered a sewer
  3236 | Sewer    | HP: 1/21 [river rat (7)]
  3239 | Sewer    | Slain by a river rat
  3240 | Sewer    | Reached XP level 3. HP: -1/17 MP: 5/5
  3337 | Sewer    | Slain by a river rat

Illustrated notes

Levels and vault maps discovered:
D:1:      zaba_arrival_water, layout_rooms,
          hellmonk_ecumenical_altar_leap_of_faith, serial_shops, shop
D:2:      layout_basic
D:3:      layout_loops_cross, cheibrodos_sewer_entry_drain, uniq_ijyb,
          uniq_robin
Sewer:    sewer_minmay_treatment

Skill      XL: |  1  2  3 |
---------------+----------+-----
Unarmed Combat | 3 |  3.6
Dodging        | 4 |  4.2
Fighting       | |  3.6
Invocations    | |  1.7

Action                   |  1- 3 |  4- 6 || total
-------------------------+-------+-------++-------
Melee: Unarmed           |   132 |    23 ||   155
       Bite              |     8 |     4 ||    12
       Punch             |       |     1 ||     1
Invok: Depart the Abyss  |     1 |       ||     1
  Use: Scroll            |     5 |       ||     5
 Stab: Sleeping          |     2 |     3 ||     5
Armor: Skin              |     3 |     2 ||     5
Dodge: Dodged            |   105 |    12 ||   117
